 Dungeon Crawl Stone Soup version 0.23-a0-756-g517b432 (webtiles) character file.

74050 DrEnzyme the Tortoise (level 15, -13/150 HPs)
             Began as a Deep Dwarf Wanderer on Jan 18, 2019.
             Was the Champion of Makhleb.
             Killed from afar by a merfolk aquamancer (45 damage)
             ... with a shard of ice
             ... on level 1 of the Shoals.
             The game lasted 01:29:49 (21364 turns).

DrEnzyme the Tortoise (Deep Dwarf Wanderer)        Turns: 21364, Time: 01:29:50

Health: -13/150    AC: 25    Str: 23    XL:     15   Next: 5%
Magic:  1/1        EV:  8    Int: 14    God:    Makhleb [******]
Gold:   1466       SH:  4    Dex: 20    Spells: 19/19 levels left

rFire    . . .     SeeInvis .   a - +8 hand axe of the Eel {drain, MR- Dex+6}
rCold    . . .     Gourm    .   (no shield)
rNeg     + . .     Faith    .   z - +2 chain mail
rPois    .         Spirit   .   s - +1 helmet
rElec    .         Reflect  .   w - +2 cloak
rCorr    .         Harm     .   o - +2 pair of gloves
MR       +....                  (no boots)
Stlth    ..........             (no amulet)
HPRegen  0.00/turn              v - +3 ring of dexterity
MPRegen  0.07/turn              C - +3 ring of strength

@: non-regenerating
A: damage resistance, heal wounds, large bone plates 1, dopey 1, negative energy
resistance 1, sense surroundings 2, MP-powered wands, no regeneration
a: Heal Wounds, Minor Destruction, Lesser Servant of Makhleb, Major Destruction,
Greater Servant of Makhleb, Renounce Religion


You were on level 1 of the Shoals.
You worshipped Makhleb.
Makhleb was exalted by your worship.
You were not hungry.

You visited 6 branches of the dungeon, and saw 25 of its levels.
You also visited: Bailey and Ice Cave.

You collected 2225 gold pieces.
You spent 759 gold pieces at shops.

Inventory:

Hand Weapons
 a - the +8 hand axe of the Eel (weapon) {drain, MR- Dex+6}
   (You took it off an orc on level 9 of the Dungeon)

   A truly terrible weapon, it drains the life of those it strikes.
   It affects your dexterity (+6).
   It affects your resistance to hostile enchantments.
 p - the +3 scythe "Escheng" {vamp, +Blink Str+3 Dex+3}
   (You bought it in a shop on level 10 of the Dungeon)

   It inflicts no extra harm, but heals its wielder when it wounds a living foe.
   It affects your strength (+3).
   It affects your dexterity (+3).
   It lets you blink.
 J - a +2 scimitar of holy wrath
 O - a +2 hand axe of flaming
 U - the +10 glaive of Fayff {freeze, Str+5}
   (You found it on level 1 of the Lair of Beasts)

   It has been specially enchanted to freeze those struck by it, causing extra
   injury to most foes and up to half again as much damage against particularly
   susceptible opponents.
   It can also slow down cold-blooded creatures.
   It affects your strength (+5).
Missiles
 y - 24 tomahawks (quivered)
 T - 2 throwing nets
Armour
 o - a +2 pair of gloves (worn)
 s - a +1 helmet (worn)
 w - a +2 cloak (worn)
 z - a +2 chain mail (worn)
Jewellery
 h - an uncursed ring of resist corrosion
 v - a +3 ring of dexterity (left hand)
 x - an uncursed ring of stealth
 C - a +3 ring of strength (right hand)
 D - an uncursed ring of see invisible
Wands
 c - a wand of random effects (29)
 d - a wand of disintegration (34)
 u - a wand of enslavement (7)
 A - a wand of acid (6)
 E - a wand of digging (2)
 I - a wand of paralysis (14)
 N - a wand of iceblast (2)
 R - a wand of scattershot (5)
 V - a wand of flame (14)
Scrolls
 b - 3 scrolls of teleportation
 g - a scroll of immolation
 i - a scroll of identify
 j - 13 scrolls of remove curse
 l - a scroll of blinking
 m - 2 scrolls of vulnerability
 q - 10 scrolls of amnesia
 F - a scroll of summoning
 G - 6 scrolls of fog
 K - 2 scrolls of fear
 M - a scroll of enchant weapon
 Z - a scroll of brand weapon
Potions
 e - 5 potions of haste
 n - 3 potions of magic
 r - 3 potions of mutation
 t - a potion of curing
 P - a potion of heal wounds
 Q - a potion of berserk rage
 W - a potion of lignification
 Y - 2 potions of invisibility
Comestibles
 f - 33 rations


   Skills:
 * Level 13.9 Fighting
   Level 7.6(8.5) Short Blades
 - Level 6.1(8.1) Long Blades
 + Level 8.4(9.4) Axes
 + Level 5.3(7.0) Polearms
 - Level 1.5 Throwing
 * Level 15.6 Armour
   Level 4.1 Shields
 - Level 2.6 Spellcasting
   Level 2.1 Necromancy
   Level 1.0 Ice Magic
   Level 1.3 Earth Magic
   Level 1.0 Poison Magic
 * Level 9.8 Invocations
 - Level 1.3 Evocations


You had 19 spell levels left.
You didn't know any spells.
Your spell library contained the following spells:

 Spells                   Type           Power        Failure   Level  Hunger
 Sting                    Conj/Pois      #...         58%         1    #......
 Corona                   Hex            #......      67%         1    #......
 Flame Tongue             Conj/Fire      #....        67%         1    #......
 Ensorcelled Hibernation  Hex/Ice        #.....       75%         2    ###....
 Poisonous Vapours        Pois/Air       #.....       75%         2    ###....
 Throw Flame              Conj/Fire      #.....       80%         2    ###....
 Mephitic Cloud           Conj/Pois/Air  #.......     94%         3    ###....
 Confuse                  Hex            #.......     95%         3    ###....
 Conjure Flame            Conj/Fire      #.......     95%         3    ###....
 Dazzling Spray           Conj/Hex       #.....       95%         3    ###....
 Inner Flame              Hex/Fire       #.......     95%         3    ###....
 Tukima's Dance           Hex            #.......     95%         3    ###....
 Olgreb's Toxic Radiance  Pois           #.......     99%         4    #####..
 Sticky Flame             Conj/Fire      #.......     100%        4    #####..
 Fireball                 Conj/Fire      #.........   100%        5    ######.
 Venom Bolt               Conj/Pois      #.........   100%        5    ######.


Dungeon Overview and Level Annotations

Branches:
Dungeon (14/15)            Temple (1/1) D:6            Lair (6/6) D:10
 Shoals (1/4) Lair:4        Snake (1/4) Lair:3        Slime (0/5) Lair:6
    Orc (2/2) D:9             Elf (0/3) Orc:2        Vaults (0/5) D:14

Altars:
Ashenzari
Cheibriados
Dithmenos
Elyvilon
Fedhas
Gozag
Hepliaklqana
Kikubaaqudgha
Makhleb
Nemelex Xobeh
Okawaru
Qazlal
Ru
Sif Muna
Trog
Uskayaw
Vehumet
Wu Jian
Xom
Yredelemnul
Zin
The Shining One
Jiyva

Shops:
D:7 (   D:10 (}(:   Shoals:1 ?

Annotations:
D:3 !Phantom Parking
D:5 4 exclusions, Sigmund
D:7 1 runed door, exclusion: door
D:8 Gastronok
D:10 5 exclusions
D:13 1 runed door
Lair:5 exclusion: 2 oklob plants
Lair:6 1 runed door
Orc:2 1 runed door, lyrin's ghost, journeyman MfSk


Innate Abilities, Weirdness & Mutations

You are resistant to damage.
You can heal yourself by infusing magical energy.
You resist negative energy. (rN+)
You passively map the area around you.
You do not regenerate.
You are partially covered in large bone plates. (SH +4)
You are dopey. (Int -2)
You expend magic power (3 MP) to strengthen your wands.


Message History

Makhleb accepts your kill.
You hit the plant but do no damage.
y - 19 tomahawks (gained 4)
You see here a +0 spear.
y - 20 tomahawks (gained 1)
y - 21 tomahawks (gained 1)
y - 24 tomahawks (gained 3)
You enter the shallow water.
Moving in this stuff is going to be slow.
You now have 1466 gold pieces (gained 7).
A water elemental comes into view.
The merfolk aquamancer casts a spell at you.
The ball of steam hits you!
* * * LOW HITPOINT WARNING * * *
You hit the merfolk aquamancer.
The merfolk aquamancer is lightly wounded.
You are engulfed in a cloud of scalding steam.
The merfolk aquamancer points at you and mumbles some strange words.
The shard of ice hits you!
You die...

## *.PP≈ ≈≈ , ≈ ≈ ≈
.###..≈≈≈≈≈≈P≈P≈≈P≈≈≈≈≈≈
.....P..PP≈P≈P≈≈≈≈EP≈≈≈≈≈
.....≈..≈≈≈≈P≈≈P≈≈≈≈P≈≈≈
≈ ≈
.....≈..≈≈≈≈≈P≈P≈≈≈≈≈≈≈≈
≈≈
...##.≈≈.P≈≈≈..≈≈≈P≈≈≈≈≈
≈ ...#
#...≈P≈≈≈≈≈≈..(≈≈≈≈ ≈
...###..≈≈P≈P≈..m...≈≈≈≈≈
.......≈≈)≈..# #@...≈≈≈≈
≈
.......≈<≈.P.###§§.P≈≈≈≈
,≈
≈≈....P≈≈.#####§§.≈≈≈≈..
* ≈
≈....≈≈≈≈..##....≈≈≈≈≈.#
* ≈
≈.##...≈≈≈...)...≈≈≈≈≈≈.
**
.####..≈≈≈≈.P≈≈≈≈≈≈≈≈≈P≈
* .#
#..≈P≈≈PP≈P≈PP≈≈≈≈≈P≈≈≈ *
≈ ##
#..≈≈≈≈P≈≈≈≈≈≈≈≈≈P≈≈≈ ≈ ,
#.≈.≈≈≈≈≈≈≈≈≈≈≈≈≈≈≈≈≈≈≈
,≈


You could see a merfolk aquamancer and a water elemental.

Vanquished Creatures
  Harold (D:8)
  5 hydras
  2 two-headed ogres (Orc:2)
  3 centaur warriors
  A merfolk avatar (Shoals:1)
  5 anacondas (Snake:1)
  3 death yaks (Lair:6)
  2 shock serpents (Snake:1)
  A naga ritualist (Snake:1)
  3 wizards (D:10)
  3 orc sorcerers
  3 orc knights
  2 wolf spider zombies (D:14)
  2 mana vipers (Snake:1)
  4 cyclopes
  29 elephants
  A merfolk siren (Shoals:1)
  A manticore (Shoals:1)
  Joseph (D:10)
  9 black mambas
  3 naga magi (Snake:1)
  A torpor snail (Lair:5)
  3 gargoyles
  5 komodo dragons
  14 spiny frogs
  2 rime drakes
  6 trolls
  A queen bee (Lair:1)
  A merfolk (Shoals:1)
  A polar bear (Lair:4)
  9 blink frogs (Lair:6)
  2 dream sheep (D:9)
  5 hippogriffs
  2 slime creatures (D:12)
  A water elemental (Shoals:1)
  8 spriggans (Lair:2)
  43 yaks
  3 basilisks
  7 humans (D:14)
  2 hungry ghosts
  2 wargs (Orc:2)
  Edmund (D:6)
  Menkaure (D:7)
  5 nagas
  16 water moccasins
  15 porcupines
  16 ice beasts
  5 sky beasts
  4 black bears
  19 orc warriors
  2 necrophages (D:9)
  10 ogres
  7 wolves
  10 centaurs
  9 crocodiles
  2 big kobolds (D:9)
  14 bullfrogs
  A gnoll sergeant (D:5)
  A water moccasin zombie (D:5)
  4 scorpions
  26 killer bees
  6 crimson imps
  2 centaur zombies
  2 bullfrog zombies
  7 hounds
  A centaur skeleton (D:6)
  7 orc priests
  4 bullfrog skeletons
  5 jellies
  Jessica (D:2)
  4 iguanas
  14 worker ants
  19 orc wizards
  A hound skeleton (D:6)
  A worker ant zombie (D:5)
  8 gnolls
  10 adders
  4 shadow imps
  3 dart slugs
  3 worms
  A leopard gecko (D:10)
  66 orcs
  A ball python (D:1)
  4 giant cockroaches
  9 goblins
  7 hobgoblins
  6 jackals (D:1)
  11 kobolds
  4 quokkas
  4 bats
  4 frilled lizards
  2 quokka skeletons
  6 rats
  A bush (D:10)
  4 fungi
  8 plants
610 creatures vanquished.

Vanquished Creatures (others)
  A centaur (D:8)
  An orc priest (Orc:2)
  An orc wizard (Orc:2)
  2 bushes (Lair:6)
  13 fungi
  17 plants
  2 withered plants (Orc:2)
37 creatures vanquished.

Grand Total: 647 creatures vanquished

Notes
Turn   | Place    | Note
-------+----------+-------------------------------------------
     0 | D:1      | DrEnzyme the Deep Dwarf Wanderer began the quest for the
                  | Orb.
     0 | D:1      | DrEnzyme set off with the following items: a wand of random
                  | effects (15), a +0 robe, a +0 club, a ration; and the
                  | following spells available to memorise: Sting, Flame
                  | Tongue, Poisonous Vapours, Mephitic Cloud, Conjure Flame,
                  | Olgreb's Toxic Radiance, Venom Bolt
     0 | D:1      | Reached XP level 1. HP: 15/15 MP: 4/4
   200 | D:1      | Reached skill level 1 in Fighting
   207 | D:1      | Reached XP level 2. HP: 22/25 MP: 5/5
   953 | D:2      | Reached skill level 1 in Short Blades
   997 | D:2      | Reached XP level 3. HP: 20/32 MP: 7/7
  1016 | D:2      | Noticed Jessica
  1027 | D:2      | Killed Jessica
  1233 | D:2      | Found a blossoming altar of Fedhas.
  1364 | D:2      | Reached XP level 4. HP: 37/40 MP: 7/7
  2094 | D:3      | Found a blossoming altar of Fedhas.
  2434 | D:3      | Found a shadowy altar of Dithmenos.
  2538 | D:4      | Noticed a phantom
  2642 | D:4      | Noticed a phantom
  2891 | D:4      | Reached XP level 5. HP: 39/49 MP: 6/6
  3658 | D:5      | Entered Level 5 of the Dungeon
  3701 | D:5      | Reached XP level 6. HP: 38/57 MP: 7/7
  3765 | D:5      | Found a snail-covered altar of Cheibriados.
  3829 | D:5      | Found a radiant altar of Vehumet.
  4475 | D:5      | Reached XP level 7. HP: 24/66 MP: 8/8
  4493 | D:5      | Noticed Sigmund
  4964 | D:6      | Reached skill level 5 in Fighting
  4964 | D:6      | Reached skill level 5 in Short Blades
  5249 | D:6      | Reached XP level 8. HP: 36/76 MP: 8/8
  5335 | D:6      | Reached skill level 1 in Armour
  5347 | D:6      | Found an iron altar of Okawaru.
  5455 | D:6      | Noticed Edmund
  5484 | D:6      | Killed Edmund
  5615 | D:6      | Reached skill level 2 in Armour
  5702 | D:6      | Found a staircase to the Ecumenical Temple.
  5711 | Temple   | Entered the Ecumenical Temple
  6188 | D:6      | Found an ornate altar of the Wu Jian Council.
  6254 | D:7      | Noticed a hippogriff
  6258 | D:7      | Killed a hippogriff
  6258 | D:7      | Reached skill level 3 in Armour
  6546 | D:7      | Reached skill level 1 in Shields
  6717 | D:5      | Reached skill level 4 in Armour
  7039 | D:7      | Found a runed door.
  7069 | D:7      | Found Guomexkoi's Weapon Boutique.
  7082 | D:7      | Gained mutation: You passively map the area around you.
                  | [Deep Dwarf growth]
  7082 | D:7      | Reached XP level 9. HP: 61/85 MP: 8/8
  7086 | D:7      | Noticed Menkaure
  7095 | D:7      | Killed Menkaure
  7197 | D:7      | Found a deep blue altar of Sif Muna.
  7443 | D:7      | Reached skill level 5 in Armour
  7591 | D:8      | Found an opulent altar of Gozag.
  7709 | D:8      | Found a hide-covered altar of Uskayaw.
  7712 | D:8      | Found a stormy altar of Qazlal.
  7750 | D:8      | Found a burning altar of Makhleb.
  7758 | D:8      | Became a worshipper of Makhleb the Destroyer
  7838 | D:8      | Found a flagged portal.
  7857 | Bailey   | Entered a bailey
  7857 | Bailey   | Noticed an orc knight
  7857 | Bailey   | Noticed an orc knight
  7877 | D:8      | Noticed Gastronok
  8020 | D:8      | Reached skill level 6 in Armour
  8063 | D:8      | Noticed Harold
  8108 | D:8      | Killed Harold
  8108 | D:8      | Reached skill level 1 in Long Blades
  8108 | D:8      | Reached skill level 7 in Armour
  8449 | D:8      | Reached XP level 10. HP: 58/96 MP: 4/4
  8616 | D:9      | Found a shimmering altar of Xom.
  8658 | D:9      | Reached * piety under Makhleb
  8665 | D:9      | Noticed a centaur warrior
  8681 | D:9      | Killed a centaur warrior
  8727 | D:9      | Found a staircase to the Orcish Mines.
  9173 | D:9      | Identified the +8 hand axe of the Eel {drain, MR- Dex+6}
  9360 | D:9      | Found a sacrificial altar of Ru.
  9557 | D:9      | Reached skill level 5 in Long Blades
  9570 | D:9      | Reached skill level 8 in Armour
  9617 | D:9      | Noticed a two-headed hydra
  9677 | D:10     | Entered Level 10 of the Dungeon
  9727 | D:10     | Reached ** piety under Makhleb
  9771 | D:10     | Reached skill level 1 in Axes
  9772 | D:10     | Reached XP level 11. HP: 79/106 MP: 5/5
  9776 | D:10     | Found a staircase to the Lair.
 10014 | D:10     | Noticed a wizard
 10020 | D:10     | Killed a wizard
 10058 | D:10     | Noticed a wizard
 10071 | D:10     | Killed a wizard
 10071 | D:10     | Reached skill level 9 in Armour
 10071 | D:10     | Reached skill level 1 in Invocations
 10133 | D:10     | Found Yffebuj's Gadget Shoppe.
 10190 | D:10     | Found Leown's Weapon Boutique.
 10397 | D:10     | Found Vuxam's Book Emporium.
 10555 | D:10     | Noticed Joseph
 10580 | D:10     | Killed Joseph
 10592 | D:10     | Found Oluetzur's Antique Weapon Boutique.
 10652 | D:10     | Reached *** piety under Makhleb
 10774 | Lair:1   | Entered Level 1 of the Lair of Beasts
 10993 | Lair:1   | Reached skill level 5 in Axes
 11202 | Lair:1   | Got an encrusted glaive
 11203 | Lair:1   | Identified the +10 glaive of Fayff {freeze, Str+5} (You
                  | found it on level 1 of the Lair of Beasts)
 11346 | Lair:1   | Reached skill level 1 in Polearms
 11346 | Lair:1   | Reached skill level 10 in Armour
 11363 | Lair:1   | Reached skill level 10 in Fighting
 11651 | Lair:2   | Reached **** piety under Makhleb
 11752 | Lair:2   | Reached XP level 12. HP: 69/116 MP: 5/5
 12247 | Lair:2   | Reached skill level 11 in Armour
 12247 | Lair:2   | Reached skill level 5 in Invocations
 12938 | Lair:3   | Found a staircase to the Snake Pit.
 13275 | Lair:4   | Gained mutation: You are dopey. (Int -2) [potion of
                  | mutation]
 13275 | Lair:4   | Gained mutation: You expend magic power (3 MP) to
                  | strengthen your wands. [potion of mutation]
 13275 | Lair:4   | Gained mutation: You are partially covered in large bone
                  | plates. (SH +4) [potion of mutation]
 13293 | Lair:4   | Found a staircase to the Shoals.
 13369 | Lair:4   | You fall through a shaft for 2 floors!
 13369 | Lair:6   | Entered Level 6 of the Lair of Beasts
 13434 | Lair:6   | Reached skill level 12 in Armour
 13446 | Lair:6   | Noticed a death yak
 13446 | Lair:6   | Noticed a death yak
 13450 | Lair:6   | Noticed a death yak
 13479 | Lair:6   | Killed a death yak
 13587 | Lair:6   | Killed a death yak
 13594 | Lair:6   | Killed a death yak
 13664 | Lair:6   | Noticed a four-headed hydra
 13677 | Lair:6   | Killed a one-headed hydra
 13677 | Lair:6   | Reached ***** piety under Makhleb
 13707 | Lair:6   | Found a runed door.
 13708 | Lair:6   | Found a viscous altar of Jiyva.
 13708 | Lair:6   | Noticed an acid blob
 13709 | Lair:6   | Noticed an acid blob
 13710 | Lair:6   | Found a staircase to the Slime Pits.
 13710 | Lair:6   | Noticed an acid blob
 13710 | Lair:6   | Noticed an acid blob
 13805 | Lair:6   | Reached XP level 13. HP: 127/127 MP: 6/6
 14036 | Lair:6   | Reached skill level 13 in Armour
 14907 | Lair:5   | Reached skill level 14 in Armour
 15334 | D:10     | Bought the +3 scythe "Escheng" {vamp, +Blink Str+3 Dex+3}
                  | for 759 gold pieces
 15358 | D:11     | Found a frozen archway.
 15367 | IceCv    | Entered an ice cave
 15721 | D:11     | You fall through a shaft for 3 floors!
 15951 | D:14     | Found a snail-covered altar of Cheibriados.
 15960 | D:14     | HP: 6/130 [slime creature (9)]
 16001 | D:14     | HP: 4/130 [catoblepas (8)]
 16014 | D:14     | HP: 6/130 [human (2)]
 16050 | D:14     | Reached skill level 5 in Polearms
 16050 | D:14     | Gained mutation: You resist negative energy. (rN+) [Deep
                  | Dwarf growth]
 16050 | D:14     | Reached XP level 14. HP: 85/141 MP: 4/4
 16081 | D:14     | Found a gate to the Vaults.
 16341 | D:12     | Reached ****** piety under Makhleb
 17099 | Orc:1    | Entered Level 1 of the Orcish Mines
 17619 | Orc:2    | Entered Level 2 of the Orcish Mines
 17760 | Orc:2    | Found a staircase to the Elven Halls.
 18020 | Orc:2    | Found a runed door.
 18023 | Orc:2    | Noticed lyrin's ghost (journeyman MfSk)
 18830 | Lair:4   | Reached skill level 15 in Armour
 19225 | D:10     | Upgraded the game from 0.23-a0-755-gdb21e03 to
                  | 0.23-a0-756-g517b432
 19569 | Orc:2    | Paralysed by an orc sorcerer for 7 turns
 20053 | D:13     | Found a runed door.
 20325 | Snake:1  | Entered Level 1 of the Snake Pit
 21082 | Snake:1  | Reached XP level 15. HP: 37/150 MP: 2/2
 21231 | Shoals:1 | Entered Level 1 of the Shoals
 21269 | Shoals:1 | Found Wisoer's Magic Scroll Shoppe.
 21364 | Shoals:1 | Killed from afar by a merfolk aquamancer

Vault maps used:
D:1:      lemuel_arrival_hallway, moated_statue, chequers_serial_rivers_micro_b
D:2:      lemuel_coloured_pillars_altar, first_ration, serial_glass,
          glass_columns_b, glass_columns_b, minivault_5, uniq_jessica
D:3:      nicolae_overflow_hidden_temple, fedhas_ov_isle_minmay
D:5:      slow_altar_1, vehumet_crystals, uniq_sigmund
D:6:      kennysheep_mini, minmay_temple_entry_enclosed_plants,
          okawaru_altar_gauntlet_db, uniq_edmund
D:7:      lemuel_blue_sif_altar, serial_shops, nicolae_shop_behind_doors,
          uniq_menkaure, uniq_crazy_yiuf_cottage
D:8:      lemuel_round_altar, overflow_temple_1_default,
          nicolae_gozag_cash_rules_everything_around_me, lemuel_round_altar,
          enter_bailey_3, uniq_gastronok, uniq_harold
D:9:      xom_butterflies, nicolae_ru_the_path_less_chosen, erik_orc_3,
          hangedman_ranch, kennysheep_generic_room_2
D:10:     minmay_smoke_and_mirrors, minmay_lair_entry_grove, serial_shops,
          shop_statue, shop, kennysheep_mini_moat, shop, uniq_joseph, uniq_urug
D:11:     portal_ice_cave_entry_pillars_2
D:12:     minmay_lindwurm_lava
D:13:     lightli_airlock
D:14:     david_vaults_3, basic_altar, minmay_misc_feat_ornament
Temple:   dpeg_chambers_temple
Lair:1:   special_room
Lair:2:   kb_forest_paths
Lair:3:   minmay_snake_entry_guardpost_medium
Lair:4:   elwin_shoals_entry_rocks
Lair:5:   nicolae_lair_grove_arrangements, chequers_serial_rivers_small_a,
          minmay_lair_oklob_chamber, lemuel_fruit_tree, grunt_megastairs_4
Lair:6:   grunt_lair_end_beastmaster, slime_altar_2, grunt_megastairs_5
Shoals:1: serial_shops, shop_fountains, nicolae_shoals_kraken_intersection
Snake:1:  grunt_ministairs_9, nicolae_snake_horde_hoard
Orc:2:    grunt_orc_tribal_feast, gammafunk_ghost_grave
Bailey:   bailey_polearm_4, bailey
IceCv:    ice_cave_small_dragons

Skill      XL: |  1  2  3  4  5  6  7  8  9 10 11 12 13 14 |
---------------+-------------------------------------------+-----
Fighting       | 1 2 3 4 5 6 7 9 10 11 13 | 13.9
Short Blades   | 1 2 3 4 5 6 7 |  7.6
Armour         | 4 7 8 10 12 14 15 | 15.6
Shields        | 1 3 4 |  4.1
Long Blades    | 1 6 |  6.1
Axes           | 1 5 8 |  8.4
Invocations    | 4 6 7 9 |  9.8
Polearms       | 1 3 5 |  5.3
Throwing       | |  1.5
Spellcasting   | |  2.6
Necromancy     | |  2.1
Ice Magic      | |  1.0
Earth Magic    | |  1.3
Poison Magic   | |  1.0
Evocations     | |  1.3

Action                   |  1- 3 |  4- 6 |  7- 9 | 10-12 | 13-15 || total
-------------------------+-------+-------+-------+-------+-------++-------
Melee: Short sword       |    98 |   298 |   434 |       |       ||   830
       Club              |     1 |       |       |       |       ||     1
       Scimitar          |       |       |    41 |   197 |    45 ||   283
       Long sword        |       |       |    32 |       |       ||    32
       Hand axe          |       |       |       |   714 |  1162 ||  1876
       Scythe            |       |       |       |       |   102 ||   102
Throw: Tomahawk          |       |     8 |    16 |    20 |    11 ||    55
 Abil: Heal Wounds       |     1 |     8 |    20 |     9 |    28 ||    66
Evoke: Wand              |       |       |    23 |     4 |    10 ||    37
  Use: Scroll            |     1 |    11 |    10 |    12 |    18 ||    52
       Potion            |       |     1 |     3 |     5 |     8 ||    17
 Stab: Sleeping          |     2 |       |       |       |       ||     2
       Paralysed         |       |       |     9 |       |       ||     9
       Petrified         |       |       |       |       |     1 ||     1
  Eat: Chunk             |     1 |    11 |    12 |    11 |    14 ||    49
       Ration            |       |       |     3 |     2 |     7 ||    12
Armor: Robe              |    23 |    70 |    11 |       |       ||   104
       Chain mail        |       |       |   238 |   547 |  1159 ||  1944
       Skin              |       |       |       |    12 |       ||    12
Dodge: Dodged            |    60 |   145 |   141 |   286 |   553 ||  1185
Block: Buckler           |       |       |    46 |   259 |   204 ||   509
       Other             |       |       |       |       |   217 ||   217
       Rpst.: Long sword |       |       |     5 |       |       ||     5
       Scimitar          |       |       |     1 |    12 |     4 ||    17

Table legend:
 A = Non-vault XP
 B = Vault XP
 C = Vault XP percentage of total XP
 D = Non-vault monster count
 E = Vault monster count
 F = Vault count percentage of total count
                 A         B        C        D         E       F
            +---------+---------+-------+---------+---------+-------
      Total |   77712 |   28075 |  26.5 |     445 |     152 |  25.5
            +---------+---------+-------+---------+---------+-------
        D:1 |      30 |       0 |   0.0 |      16 |       0 |   0.0
        D:2 |      53 |      37 |  41.1 |      20 |       1 |   4.8
        D:3 |      40 |       0 |   0.0 |      16 |       0 |   0.0
        D:4 |     228 |       0 |   0.0 |      11 |       0 |   0.0
        D:5 |     696 |       5 |   0.7 |      21 |       1 |   4.5
        D:6 |     840 |     182 |  17.8 |      17 |       7 |  29.2
        D:7 |    1600 |     165 |   9.3 |      27 |       1 |   3.6
        D:8 |     678 |    1058 |  60.9 |      16 |       5 |  23.8
        D:9 |    2360 |    1383 |  36.9 |      21 |      19 |  47.5
       D:10 |    3324 |    4138 |  55.5 |      26 |      17 |  39.5
       D:11 |    1965 |       0 |   0.0 |      10 |       0 |   0.0
       D:12 |    4116 |       0 |   0.0 |      24 |       0 |   0.0
       D:13 |    4331 |       0 |   0.0 |      14 |       0 |   0.0
       D:14 |    1711 |    2264 |  57.0 |       6 |       8 |  57.1
     Lair:1 |    1788 |    1734 |  49.2 |      12 |      24 |  66.7
     Lair:2 |    4246 |    2867 |  40.3 |      12 |      14 |  53.8
     Lair:3 |    1779 |     661 |  27.1 |       9 |       4 |  30.8
     Lair:4 |    6707 |       0 |   0.0 |      18 |       0 |   0.0
     Lair:5 |   11928 |    2435 |  17.0 |      35 |       8 |  18.6
     Lair:6 |   12236 |    2258 |  15.6 |      34 |       8 |  19.0
   Shoals:1 |    2396 |       0 |   0.0 |       5 |       0 |   0.0
    Snake:1 |    6584 |    5257 |  44.4 |      12 |       7 |  36.8
      Orc:1 |    4731 |       0 |   0.0 |      43 |       0 |   0.0
      Orc:2 |    3345 |    1852 |  35.6 |      20 |      16 |  44.4
      IceCv |       0 |    1779 | 100.0 |       0 |      12 | 100.0
            +---------+---------+-------+---------+---------+-------
